 Dungeon Sprint DCSS version 0.31-a0-965-g8a8ce12e04 (webtiles) character file.

Game seed: 14025357012847098816

79 rocky1 the Changeling (level 4, -1/38 HPs)
             Began as a Naga Shapeshifter on Oct 27, 2023.
             Was an Initiate of Gozag.
             Slain by a troll (7 damage)
             ... in the Dungeon (Sprint IX: "|||||||||||||||||||||||||||||").
             The game lasted 00:01:17 (399 turns).

rocky1 the Changeling (Naga Shapeshifter)            Turns: 399, Time: 00:01:17

Health: -1/38      AC:  5    Str: 18    XL:     4   Next: 38%
Magic:  4/4        EV:  8    Int: 10    God:    Gozag
Gold:   0          SH:  0    Dex: 11    Spells: 3/3 levels left

rFire   . .          .
                       - Unarmed
rCold   . . .        (no shield)
rNeg    . . .        q - +1 scale mail
rPois   +            (helmet currently unavailable)
rElec   .            (cloak currently unavailable)
rCorr   .            (gloves currently unavailable)
SInv    +            (no barding)
Will    .....        (no amulet) Stlth
                     (no ring)
HPRegen 0.26/turn    (no ring)
MPRegen 0.09/turn

%: no teleportation
@: beast-form, very slow
A: beast (slay +3), AC +1, large, see invisible, deformed body, poison
resistance, slowness 2, spit poison 1, naga tail 1
a: Spit Poison, Begin Untransformation, Renounce Religion, Potion Petition, Call
Merchant, Bribe Branch


You were in the Dungeon.
You worshipped Gozag.
Gozag was noncommittal.
You were a hulking beast.
You visited 1 branch

Inventory:

Armour
 a - a +0 animal skin
 n - a +0 barding
 q - a +1 scale mail (worn)
 r - a +0 helmet
Jewellery
 o - a +2 ring of evasion
 p - a +2 ring of protection
Talismans
 c - a beast talisman
 d - a flux talisman
Wands
 m - a wand of iceblast (6) (quivered)
Scrolls
 j - a scroll of blinking
 l - 2 scrolls of amnesia
Potions
 b - a potion of lignification
 e - 5 potions of curing
 f - a potion of invisibility
 g - a potion of haste
 h - 4 potions of magic
 i - a potion of berserk rage
 k - 2 potions of heal wounds


   Skills:
 + Level 1.4 Fighting
 + Level 2.5 Dodging
 + Level 6.0 Unarmed Combat
 + Level 6.0 Shapeshifting


You had 3 spell levels left.
You didn't know any spells.
Your spell library was empty.

Dungeon Overview and Level Annotations

Branches:
Dungeon (1/1)

Altars:
Cheibriados
Dithmenos
Elyvilon
Fedhas
Gozag
Hepliaklqana
Kikubaaqudgha
Makhleb
Nemelex Xobeh
Okawaru
Qazlal
Ru
Sif Muna
Trog
Uskayaw
Vehumet
Wu Jian
Xom
Yredelemnul
Zin
The Shining One
Jiyva
Lugonu


Innate Abilities, Weirdness & Mutations

You are a hulking beast.
Your limbs bulge with bestial killing power. (Slay +3)
Your serpentine skin is tough. (AC +1)
You have supernaturally acute eyesight. (SInv)
Armour fits poorly on your strangely shaped body.
Your system is resistant to poisons. (rPois)
You cover ground very slowly.
You can spit poison.
You have a snake-like lower body.


Message History

Blink to where?
Press: ? - help, Dir - move target
As you read the scroll of blinking, it crumbles to dust.
Aiming: Iceblast
Press: ? - help, Q - select action, (/) - cycle Shift-Dir - straight line, f - troll
Aim: a troll The mass of ice explodes!
The iceblast engulfs the troll!
The troll is moderately wounded.
Unknown command.
Aiming: Iceblast
Press: ? - help, Q - select action, (/) - cycle Shift-Dir - straight line, f/p - troll
Aim: a troll (lightly wounded)
The mass of ice explodes!
The iceblast engulfs the troll.
The troll is moderately wounded.
Unknown command.
Aiming: Iceblast
Press: ? - help, Q - select action, (/) - cycle Shift-Dir - straight line, f/p - troll
Aim: a troll (moderately wounded)
The mass of ice explodes!
The iceblast engulfs the troll!
The troll is heavily wounded.
Unknown command.
Aiming: Iceblast
Press: ? - help, Q - select action, (/) - cycle Shift-Dir - straight line, f/p - troll
Aim: a troll (heavily wounded)
The mass of ice explodes!
The iceblast engulfs the troll!
The troll is almost dead.
Unknown command.
Unknown command.
You closely miss the troll.
The troll is almost dead.
You hit the troll.
The troll is almost dead.
The troll bites you! The troll claws you! x2
* * * LOW HITPOINT WARNING * * *
The kobold demonologist gestures wildly while chanting.
You closely miss the troll.
The troll is almost dead.
The troll bites you!
You die...
Your body crumbles into a pile of gold. ▓▓▓▓▓▓▓▓▓▓▓▓▓▓▓▓▓▓▓▓▓▓▓▓▓▓▓▓▓ OhKO.K55.OYTh)..'____________ ▓▓▓▓▓▓▓▓▓▓▓▓▓▓▓▓▓▓▓▓▓▓▓▓▓▓▓▓▓

You could see a two-headed ogre, a kobold demonologist, a yak, a troll, a crimson imp (summoned) and a shadow imp (summoned).

Vanquished Creatures
  A scorpion (D)
  A white imp (D)
  An ufetubus (D)
  An orc (D)
  An endoplasm (D)
  A giant cockroach (D)
  A hobgoblin (D)
  A jackal (D)
  A bat (D)
  A rat (D)
10 creatures vanquished.

Notes
Turn   | Place    | Note
-------+----------+-------------------------------------------
     0 | D        | rocky1 the Naga Shapeshifter began the quest for the Orb.
     0 | D        | Reached XP level 1. HP: 18/18 MP: 1/1
   127 | D        | Noticed a scorpion
   132 | D        | Reached XP level 2. HP: 13/25 MP: 2/2
   144 | D        | Killed a scorpion
   145 | D        | Reached skill level 5 in Unarmed Combat
   145 | D        | Reached skill level 5 in Shapeshifting
   145 | D        | Reached XP level 3. HP: 16/31 MP: 3/3
   145 | D        | Reached XP level 4. HP: 20/38 MP: 4/4
   321 | D        | Found a snail-covered altar of Cheibriados.
   321 | D        | Found a shadowy altar of Dithmenos.
   321 | D        | Found a white marble altar of Elyvilon.
   321 | D        | Found a blossoming altar of Fedhas.
   321 | D        | Found an opulent altar of Gozag.
   322 | D        | Found a hazy altar of Hepliaklqana.
   323 | D        | Found a viscous altar of Jiyva.
   324 | D        | Found an ancient bone altar of Kikubaaqudgha.
   325 | D        | Found a corrupted altar of Lugonu.
   326 | D        | Found a burning altar of Makhleb.
   327 | D        | Found a sparkling altar of Nemelex Xobeh.
   328 | D        | Found an iron altar of Okawaru.
   329 | D        | Became a worshipper of Gozag Ym Sagoz the Greedy
   330 | D        | Found a stormy altar of Qazlal.
   331 | D        | Found a sacrificial altar of Ru.
   332 | D        | Found a shimmering blue altar of Sif Muna.
   333 | D        | Found a bloodstained altar of Trog.
   334 | D        | Found a hide-covered altar of Uskayaw.
   335 | D        | Found a radiant altar of Vehumet.
   336 | D        | Found an ornate altar of the Wu Jian Council.
   337 | D        | Found a shimmering altar of Xom.
   338 | D        | Found a basalt altar of Yredelemnul.
   339 | D        | Found a glowing silver altar of Zin.
   340 | D        | Found a glowing golden altar of the Shining One.
   391 | D        | Noticed a two-headed ogre
   391 | D        | Noticed a two-headed ogre
   391 | D        | Noticed a kobold demonologist
   391 | D        | Noticed a yak
   391 | D        | Noticed a troll
   399 | D        | Slain by a troll

Illustrated notes

Levels and vault maps discovered:
D:        linesprint [early_d, line_temple, items_1, d_10, items_2, lair_1,
          lair_end, items_3, orc_1, orc_end, items_4, d_15, swamp_1, shoals_1,
          snake_1, spider_1, d_20, vaults_1, items_5, swamp_end, shoals_end,
          snake_end, spider_end, vaults_end, d_27, items_6, zot_1, zot_end,
          crypt_end, forest_end, elf_end, slime_end, tomb_end, abyss_end,
          pan_hell_end]

Skill      XL: |  1  2  3  4 |
---------------+-------------+-----
Shapeshifting  | 4 5 6 |  6.0
Unarmed Combat | 5 6 |  6.0
Dodging        | 2 |  2.5
Fighting       | |  1.4

Action                     |  1- 3 |  4- 6 || total
---------------------------+-------+-------++-------
  Melee: Unarmed           |    28 |     5 ||    33
         Punch             |     1 |       ||     1
Ability: Spit Poison       |     1 |       ||     1
  Evoke: Wand              |       |     4 ||     4
    Use: Potion            |     1 |       ||     1
         Scroll            |       |     1 ||     1
 Armour: Animal skin       |    11 |     1 ||    12
         Scale mail        |       |     4 ||     4
  Dodge: Dodged            |    10 |     3 ||    13

Table legend: (Time is in decaauts)
 A = Elapsed time spent in this place.
 B = Non-inter-level travel time spent in this place.
 C = Inter-level travel time spent in this place.
 D = Time resting spent in this place.
 E = Time spent auto-exploring this place.
 F = Levels seen in this place.
 G = Mean time per level.
                   A        B        C        D        E       F      G
               +--------+--------+--------+--------+--------+-----+--------+
         Total |    422 |    422 |      0 |    272 |      0 |   1 |  422.0 |
       Dungeon |    422 |    422 |      0 |    272 |      0 |   1 |  422.0 |
               +--------+--------+--------+--------+--------+-----+--------+

Top non-repeatable levels by time:
       D: 422 daAuts
